 Dungeon Crawl Stone Soup version 0.28-a0-932-g843f935a50 (webtiles) character file.

Game seed: 17170311147999678698

2063 miscthings the Charlatan (level 9, -7/61 (67) HPs)
             Began as a Gnoll Artificer on Nov 28, 2021.
             Was a Believer of Okawaru.
             Mangled by a seven-headed hydra (13 damage)
             ... on level 8 of the Dungeon.
             The game lasted 00:16:51 (8005 turns).

miscthings the Charlatan (Gnoll Artificer)          Turns: 8005, Time: 00:16:51

HP:   -7/61 (67)    AC: 11    Str: 14    XL:     9   Next: 25%
MP:   15/15         EV:  8    Int: 10    God:    Okawaru [**....]
Gold: 285           SH:  0    Dex: 14    Spells: 11/16 levels left

rFire   . . .      SeeInvis +   N - +0 whip (elec)
rCold   . . .      Faith    .   (no shield)
rNeg    . . .      Spirit   .   h - +0 chain mail
rPois   +          Reflect  .   (no helmet)
rElec   .          Harm     .   (no cloak)
rCorr   .          Rampage  .   (no gloves)
Will    .....                   o - +0 pair of boots
Stlth   ..........              (no amulet)
HPRegen 0.20/turn               I - ring of see invisible
MPRegen 0.14/turn               M - ring of poison resistance

@: about to teleport, drained
A: fangs 1, strong nose, distributed training
a: Renounce Religion, Heroism


You were on level 8 of the Dungeon.
You worshipped Okawaru.
Okawaru was pleased with you.
You visited 2 branches of the dungeon, and saw 9 of its levels.

You collected 285 gold pieces.

Inventory:

Hand Weapons
 e - a +0 mace of holy wrath
 N - a +0 whip of electrocution (weapon)
Missiles
 l - 2 curare-tipped darts (quivered)
 p - 5 javelins
Armour
 b - a +0 leather armour
 h - a +0 chain mail (worn)
 o - a +0 pair of boots (worn)
Jewellery
 I - a ring of see invisible (left hand)
 M - a ring of poison resistance (right hand)
Wands
 c - a wand of flame (13)
 d - a wand of charming (15)
 r - a wand of mindburst (1)
 s - a wand of polymorph (11)
 C - a wand of digging (3)
Scrolls
 i - a scroll of blinking {unknown}
 j - a scroll of vulnerability {unknown}
 t - a scroll of fog {unknown}
 y - a scroll of immolation {unknown}
 E - a scroll of magic mapping {unknown}
 F - a scroll of holy word {unknown}
 H - a scroll of enchant armour {unknown}
 J - a scroll of silence {unknown}
Potions
 f - a potion of ambrosia
 g - a potion of lignification {unknown}
 k - 2 potions of brilliance
 m - 3 potions of flight {unknown}
 n - 2 potions of haste
 u - a potion of heal wounds {unknown}
 v - a potion of degeneration {unknown}
 z - a potion of curing
 A - 2 potions of attraction {unknown}
 B - a potion of experience {unknown}
 D - 2 potions of berserk rage {unknown}
 G - a potion of might {unknown}
 K - a potion of cancellation {unknown}
 L - a potion of mutation {unknown}
Miscellaneous
 a - a piece from Xom's chessboard (8/15)


   Skills:
 + Level 4.9 Fighting
 + Level 4.0 Short Blades
 + Level 4.0 Long Blades
 + Level 4.0 Axes
 + Level 4.0 Maces & Flails
 + Level 4.0 Polearms
 + Level 4.0 Staves
 + Level 4.0 Slings
 + Level 4.0 Bows
 + Level 4.0 Crossbows
 + Level 4.0 Throwing
 + Level 6.2 Armour
 + Level 4.9 Dodging
 + Level 4.7 Stealth
 + Level 4.0 Shields
 + Level 4.0 Unarmed Combat
 + Level 4.0 Spellcasting
 + Level 3.3 Conjurations
 + Level 3.3 Hexes
 + Level 3.3 Summonings
 + Level 3.3 Necromancy
 + Level 3.3 Translocations
 + Level 3.3 Transmutations
 + Level 3.3 Fire Magic
 + Level 3.3 Ice Magic
 + Level 3.3 Air Magic
 + Level 3.3 Earth Magic
 + Level 3.3 Poison Magic
 + Level 4.5 Invocations
 + Level 7.8 Evocations


You had 11 spell levels left.
You knew the following spells:

 Your Spells              Type           Power      Damage    Failure   Level
a - Scorch                Fire           16%        2d6       88%         2
b - Ozocubu's Armour      Ice            8%         N/A       98%         3

Your spell library contained the following spells:

 Spells                   Type           Power      Damage    Failure   Level
 Gell's Gravitas          Tloc           8%         N/A       98%         3
 Lesser Beckoning         Tloc           8%         N/A       98%         3
 Portal Projectile        Hex/Tloc       16%        N/A       98%         3
 Teleport Other           Tloc           8%         N/A       98%         3
 Flame Wave               Conj/Fire      8%         3d4       100%        4
 Leda's Liquefaction      Hex/Erth       4%         N/A       100%        4
 Metabolic Englaciation   Hex/Ice        4%         N/A       100%        5
 Call Canine Familiar     Summ           Unusable   N/A       N/A         3
 Simulacrum               Ice/Necr       Unusable   N/A       N/A         6
 Summon Cactus Giant      Summ           Unusable   N/A       N/A         6

Dungeon Overview and Level Annotations

Branches:
Dungeon (8/15)             Temple (1/1) D:4
   Lair: D:8-11

Altars:
Dithmenos
Fedhas
Gozag
Hepliaklqana
Makhleb
Okawaru
Qazlal
Ru
Sif Muna
Uskayaw
Vehumet
Wu Jian
Xom
Yredelemnul
Zin
The Shining One

Shops:
D:2 =


Innate Abilities, Weirdness & Mutations

You have very sharp teeth.
Your uncanny sense of smell can sniff out nearby items.
Your experience applies equally to all skills.


Message History

The seven-headed hydra is lightly wounded.
The seven-headed hydra bites you.
* * * LOW HITPOINT WARNING * * *
The seven-headed hydra bites you.
* * * LOW HITPOINT WARNING * * *
The seven-headed hydra bites you.
* * * LOW HITPOINT WARNING * * *
The seven-headed hydra bites you but does no damage.
The seven-headed hydra closely misses you.
The seven-headed hydra bites you but does no damage.
The seven-headed hydra closely misses you.
The seven-headed hydra stops glowing.
Okay, then.
There is an open door here.
There is an open door here.
You see here 18 poisoned darts.
You hear the faint creaking of a very distant portcullis.
The seven-headed hydra seems to return to its normal shape.
There is an open door here.
There is an escape hatch in the floor here.
The seven-headed hydra barely misses you.
The seven-headed hydra bites you but does no damage. x2
The seven-headed hydra closely misses you.
The seven-headed hydra bites you but does no damage.
The seven-headed hydra completely misses you.
The seven-headed hydra bites you but does no damage.
You slide downwards.
The hatch slams shut behind you.
Found a fizzy brown potion.
As you read the scroll of teleportation, it crumbles to dust.
You feel strangely unstable.
The seven-headed hydra bites you but does no damage.
The seven-headed hydra barely misses you.
The seven-headed hydra closely misses you.
The seven-headed hydra bites you!
* * * LOW HITPOINT WARNING * * *
The seven-headed hydra bites you!
* * * LOW HITPOINT WARNING * * *
The seven-headed hydra closely misses you.
The seven-headed hydra bites you!
You die...

#### #########....
#............
#...........
#####........####
###................
#............#
#!#D########.# #@#
#.# #.# #.# ∆#.#
#.# ### #.# #.# ...
..... ....#..
######.##


You could see a seven-headed hydra.

Vanquished Creatures
  Grinder (D:3)
  A sky beast (D:6)
  An ice beast (D:5)
  A black bear (D:5)
  3 necrophages
  3 ogres
  A bullfrog (D:6)
  3 scorpions
  A water moccasin skeleton (D:5)
  3 killer bees (D:5)
  2 howler monkeys
  2 centaur zombies
  2 hounds (D:6)
  A bullfrog skeleton (D:6)
  3 jellies
  An iguana (D:5)
  2 centaur skeletons (D:6)
  A gnoll shaman (D:6)
  A howler monkey skeleton (D:7)
  A howler monkey zombie (D:5)
  9 gnolls
  3 adders (D:2)
  An ufetubus (D:5)
  3 worms
  3 dart slugs
  9 orcs
  10 ball pythons
  7 endoplasms
  2 giant cockroaches
  5 goblins
  10 hobgoblins
  2 quokkas
  5 bats
  4 frilled lizards
  5 kobolds
  10 rats
122 creatures vanquished.

Vanquished Creatures (others)
  A bat (D:2)
1 creature vanquished.

Grand Total: 123 creatures vanquished

Notes
Turn   | Place    | Note
-------+----------+-------------------------------------------
     0 | D:1      | miscthings the Gnoll Artificer began the quest for the Orb.
     0 | D:1      | Reached XP level 1. HP: 17/17 MP: 1/1
   273 | D:1      | Reached XP level 2. HP: 15/23 MP: 2/2
   911 | D:1      | Reached XP level 3. HP: 13/28 MP: 3/3
  1486 | D:2      | Reached skill level 1 in Invocations
  1646 | D:2      | Found Ilul's Jewellery Boutique.
  1698 | D:4      | Found a staircase to the Ecumenical Temple.
  1707 | Temple   | Entered the Ecumenical Temple
  1837 | Temple   | Became a worshipper of Warmaster Okawaru
  2163 | D:3      | Found a faded altar of an unknown god.
  2186 | D:2      | Reached skill level 1 in Short Blades
  2186 | D:2      | Reached skill level 1 in Long Blades
  2186 | D:2      | Reached skill level 1 in Axes
  2186 | D:2      | Reached skill level 1 in Maces & Flails
  2186 | D:2      | Reached skill level 1 in Polearms
  2186 | D:2      | Reached skill level 1 in Staves
  2186 | D:2      | Reached skill level 1 in Slings
  2186 | D:2      | Reached skill level 1 in Bows
  2186 | D:2      | Reached skill level 1 in Crossbows
  2186 | D:2      | Reached skill level 1 in Throwing
  2186 | D:2      | Reached skill level 1 in Shields
  2186 | D:2      | Reached skill level 1 in Unarmed Combat
  2186 | D:2      | Reached skill level 1 in Spellcasting
  2456 | D:2      | Found a radiant altar of Vehumet.
  2483 | D:2      | Reached XP level 4. HP: 32/34 MP: 5/5
  3016 | D:2      | Learned a level 3 spell: Ozocubu's Armour
  3063 | D:2      | Reached skill level 1 in Conjurations
  3063 | D:2      | Reached skill level 1 in Hexes
  3063 | D:2      | Reached skill level 1 in Summonings
  3063 | D:2      | Reached skill level 1 in Necromancy
  3063 | D:2      | Reached skill level 1 in Translocations
  3063 | D:2      | Reached skill level 1 in Transmutations
  3063 | D:2      | Reached skill level 1 in Fire Magic
  3063 | D:2      | Reached skill level 1 in Ice Magic
  3063 | D:2      | Reached skill level 1 in Air Magic
  3063 | D:2      | Reached skill level 1 in Earth Magic
  3063 | D:2      | Reached skill level 1 in Poison Magic
  3095 | D:2      | Reached XP level 5. HP: 15/40 MP: 6/6
  3660 | D:3      | Noticed Grinder
  3663 | D:3      | Killed Grinder
  3663 | D:3      | Reached * piety under Okawaru
  3664 | D:3      | Reached skill level 5 in Armour
  3664 | D:3      | Reached XP level 6. HP: 47/47 MP: 7/9
  3949 | D:3      | Learned a level 2 spell: Scorch
  4621 | D:4      | Reached XP level 7. HP: 52/52 MP: 10/10
  4784 | D:5      | Entered Level 5 of the Dungeon
  4827 | D:5      | Reached skill level 7 in Evocations
  5466 | D:5      | Reached ** piety under Okawaru
  5467 | D:5      | Reached XP level 8. HP: 33/60 MP: 12/12
  6941 | D:6      | Reached XP level 9. HP: 62/66 MP: 14/14
  7163 | D:6      | Reached *** piety under Okawaru
  7826 | D:7      | Noticed a seven-headed hydra
  8005 | D:8      | Mangled by a seven-headed hydra

Illustrated notes

Levels and vault maps discovered:
D:1:      amcnicky_arrival_feature_with_door, layout_loops_ring,
          hangedman_decor_growths, grunt_decor_fettered
D:2:      layout_basic, serial_shops,
          nicolae_shop_temple_entry_statues_fountains, basic_altar,
          nrook_campfire, minmay_circle_x
D:3:      layout_basic, basic_ecumenical_altar, fountainhead,
          chequers_serial_rivers_micro_a, uniq_grinder
D:4:      layout_loops_cross, minmay_temple_entry_glass
D:5:      layout_basic
D:6:      layout_loops_ring, kennysheep_generic_room_7
D:7:      layout_basic, cheibrodos_worm_habitat, enter_bailey_2
D:8:      layout_basic, gammafunk_ghost_grave
Temple:   mainiacjoe_temple_circle_huts

Skill      XL: |  1  2  3  4  5  6  7  8  9 |
---------------+----------------------------+-----
Invocations    | 1 2 3 4 |  4.5
Short Blades   | 1 2 3 4 |  4.0
Long Blades    | 1 2 3 4 |  4.0
Axes           | 1 2 3 4 |  4.0
Maces & Flails | 1 2 3 4 |  4.0
Polearms       | 1 2 3 4 |  4.0
Staves         | 1 2 3 4 |  4.0
Slings         | 1 2 3 4 |  4.0
Bows           | 1 2 3 4 |  4.0
Crossbows      | 1 2 3 4 |  4.0
Throwing       | 1 2 3 4 |  4.0
Shields        | 1 2 3 4 |  4.0
Unarmed Combat | 1 2 3 4 |  4.0
Spellcasting   | 1 2 3 4 |  4.0
Conjurations   | 1 2 3 |  3.3
Hexes          | 1 2 3 |  3.3
Summonings     | 1 2 3 |  3.3
Necromancy     | 1 2 3 |  3.3
Translocations | 1 2 3 |  3.3
Transmutations | 1 2 3 |  3.3
Fire Magic     | 1 2 3 |  3.3
Ice Magic      | 1 2 3 |  3.3
Air Magic      | 1 2 3 |  3.3
Earth Magic    | 1 2 3 |  3.3
Poison Magic   | 1 2 3 |  3.3
Fighting       | 3 4 |  4.9
Armour         | 5 6 |  6.2
Dodging        | 3 4 |  4.9
Stealth        | 3 4 |  4.7
Evocations     | 7 |  7.8

Action                   |  1- 3 |  4- 6 |  7- 9 || total
-------------------------+-------+-------+-------++-------
Melee: Club              |    67 |       |       ||    67
       Bite              |    14 |     9 |    39 ||    62
       Whip              |    97 |    79 |     4 ||   180
       Halberd           |       |    56 |    39 ||    95
       Dagger            |       |       |   224 ||   224
       Mace              |       |       |    49 ||    49
       Punch             |       |       |     9 ||     9
Throw: Dart              |       |     1 |     4 ||     5
Invok: Heroism           |       |       |     3 ||     3
Evoke: Wand              |     2 |     6 |    10 ||    18
       Piece from Xom's  |       |     6 |    13 ||    19
  Use: Scroll            |       |     1 |     6 ||     7
       Potion            |       |       |     3 ||     3
 Stab: Sleeping          |     4 |     4 |     1 ||     9
       Petrified         |       |       |     2 ||     2
       Confused          |       |       |     1 ||     1
       Paralysed         |       |       |     1 ||     1
Armor: Leather armour    |    40 |    31 |    66 ||   137
       Chain mail        |       |       |    42 ||    42
Dodge: Dodged            |   137 |    75 |   204 ||   416

Table legend: (Time is in decaauts)
 A = Elapsed time spent in this place.
 B = Non-inter-level travel time spent in this place.
 C = Inter-level travel time spent in this place.
 D = Time resting spent in this place.
 E = Time spent auto-exploring this place.
 F = Levels seen in this place.
 G = Mean time per level.
                   A        B        C        D        E       F      G
               +--------+--------+--------+--------+--------+-----+--------+
         Total |   8007 |   7725 |    282 |   3140 |   3044 |   9 |  889.7 |
       Dungeon |   7864 |   7595 |    269 |   3140 |   2932 |   8 |  983.0 |
        Temple |    142 |    130 |     12 |      0 |    112 |   1 |  142.0 |
               +--------+--------+--------+--------+--------+-----+--------+

Top non-repeatable levels by time:
     D:2: 1545 daAuts
     D:1: 1482 daAuts
     D:6: 1464 daAuts
     D:5: 1297 daAuts
     D:4: 1119 daAuts
     D:3: 792 daAuts
     D:7: 148 daAuts
  Temple: 142 daAuts
     D:8: 14 daAuts
